 Dungeon Crawl Stone Soup version 0.19.1 (webtiles) character file.

78 MaximumFunGaming the Cudgeler (level 4, 49/49 HPs)
             Began as an Ogre Berserker on Nov 30, 2016.
             Was a Believer of Trog.
             Quit the game on level 2 of the Dungeon on Dec 14, 2016.
             The game lasted 00:05:53 (1704 turns).

MaximumFunGaming the Cudgeler (Ogre Berserker)      Turns: 1704, Time: 00:05:53

Health: 49/49      AC:  3    Str: 23    XL:     4   Next: 36%
Magic:  4/4        EV: 10    Int:  0    God:    Trog [**....]
Gold:   106        SH:  0    Dex:  9    Spells: 0 memorised, 3 levels left

rFire  . . .     SeeInvis .     a - +0 mace
rCold  . . .     Gourm    .     b - +0 animal skin
rNeg   . . .     Faith    .     (no shield)
rPois  .         Spirit   .     (helmet restricted)
rElec  .         Reflect  .     (no cloak)
rCorr  .         Harm     .     (gloves unavailable)
MR     .....                    (boots unavailable)
Stlth  +.........               (no amulet)
                                (no ring)
                                e - -6 ring of intelligence (curse)

@: slowed, lost intelligence, very slow
A: unfitting armour, tough skin 1
a: Berserk, Trog's Hand, Burn Spellbooks, Renounce Religion


You were on level 2 of the Dungeon.
You worshipped Trog.
Trog was pleased with you.
You were not hungry.

You visited 1 branch of the dungeon, and saw 2 of its levels.

You collected 106 gold pieces.

Inventory:

Hand Weapons
 a - a +0 mace (weapon)
Armour
 b - a +0 animal skin (worn)
Jewellery
 e - a cursed -6 ring of intelligence (left hand)
Scrolls
 i - a scroll of recharging {unknown}
 j - a scroll of magic mapping {unknown}
Potions
 d - 2 potions of heal wounds
 f - a potion of degeneration {unknown}
 h - a potion of ambrosia {unknown}
 k - a potion of might {unknown}
 l - a potion of flight
 n - a potion of brilliance
 o - a potion of haste
 p - a potion of cancellation {unknown}
Comestibles
 c - 2 bread rations
 g - a royal jelly
 q - a meat ration


   Skills:
 + Level 4.7 Fighting
 + Level 5.2 Maces & Flails
 + Level 3.3 Dodging
 + Level 0.4 Stealth


You had 3 spell levels left.
You didn't know any spells.

Dungeon Overview and Level Annotations

Branches:
Dungeon (2/15)

Altars:
Ru
Zin


Innate Abilities, Weirdness & Mutations

You are too large for most types of armour.
You have tough skin. (AC +1)


Message History

This raw flesh tastes terrible.
You are feeling hungry.
You start resting.
Eating a chunk of flesh.
You start eating the chunk of flesh.
This raw flesh tastes terrible.
HP restored.
You start waiting.
Done waiting.
Okay, then.
There is a sacrificial altar of Ru here.
Found a stone staircase leading up.
Saving game... please wait.
Welcome back, MaximumFunGaming the Ogre Berserker.
Trog says: Kill them all!
Press ? for a list of commands and other information.
Saving game... please wait.
Welcome back, MaximumFunGaming the Ogre Berserker.
Trog says: Kill them all!
Press ? for a list of commands and other information.
Are you sure you want to abandon this character and quit the game? (Confirm with "yes".)

#.#....# #'#....#
........# .......#
........# .......#
.<......# .......#
........####### ###....#
...............
#.....#................
#.....# ...............
##.....# #. #@.......
.####..###.#####........
.(.............#........
......>........#........
.................#######
.......[............#
.%..................#
....................#
.....######.######.##


There were no monsters in sight!

Vanquished Creatures
  3 adders
  A dart slug (D:1)
  A leopard gecko (D:2)
  5 giant cockroaches
  4 goblins
  8 hobgoblins
  6 jackals (D:1)
  6 bats
  4 frilled lizards
  3 kobolds
  3 rats (D:1)
44 creatures vanquished.

Notes
Turn   | Place    | Note
-------+----------+-------------------------------------------
     0 | D:1      | MaximumFunGaming the Ogre Berserker began the quest for the Orb.
     0 | D:1      | Reached XP level 1. HP: 24/24 MP: 1/1
    29 | D:1      | Lost intelligence.
   151 | D:1      | Reached XP level 2. HP: 28/32 MP: 2/2
   773 | D:1      | Reached XP level 3. HP: 40/40 MP: 3/3
   798 | D:1      | Reached ** piety under Trog
  1250 | D:2      | Reached skill level 5 in Maces & Flails
  1250 | D:2      | Reached XP level 4. HP: 44/49 MP: 4/4
  1254 | D:2      | Lost intelligence.
  1303 | D:2      | Found a glowing silver altar of Zin.
  1374 | D:2      | Found a sacrificial altar of Ru.
  1704 | D:2      | Quit the game

Skill      XL: |  1  2  3 |
---------------+----------+-----
Dodging        | 3 |  3.3
Maces & Flails | 5 |  5.2
Fighting       | |  4.7
Stealth        | |  0.4

Action                   |  1- 3 |  4- 6 || total
-------------------------+-------+-------++-------
Melee: Mace              |   113 |    26 ||   139
Invok: Berserk           |     2 |     1 ||     3
  Use: Potion            |     4 |       ||     4
  Eat: Chunk             |     5 |     3 ||     8
Armor: Animal skin       |    60 |    11 ||    71
Dodge: Dodged            |    91 |    30 ||   121
